 Dungeon Crawl Stone Soup version 0.29.0-4-gdea44cf6ec (webtiles) character file.

Game seed: 16495818223114686640

25 qw the Chopper (level 3, -1/21 HPs)
             Began as a Tengu Warper on Aug 28, 2022.
             Slain by a gnoll
             ... wielding a +0 spear
              (3 damage)
             ... on level 2 of the Dungeon.
             The game lasted 00:00:05 (1002 turns).

qw the Chopper (Tengu Warper)                       Turns: 1002, Time: 00:00:06

Health: -1/21      AC:  3    Str: 13    XL:     3   Next: 4%
Magic:  7/7        EV: 12    Int: 13    God:
Gold:   56         SH:  0    Dex: 13    Spells: 6/6 levels left

rFire   . . .      SeeInvis .   Y - +0 hand axe
rCold   . . .      Faith    .   (no shield)
rNeg    . . .      Spirit   .   b - +0 leather armour
rPois   .          Reflect  .   (helmet restricted)
rElec   .          Harm     .   (no cloak)
rCorr   .          Rampage  .   (no gloves)
Will    .....                   (boots unavailable)
Stlth   +.........              (no amulet)
HPRegen 0.07/turn               (no ring)
MPRegen 0.10/turn               (no ring)

@: no status effects
A: beak, talons 3
a: no special abilities


You were on level 2 of the Dungeon.
You visited 1 branch of the dungeon, and saw 2 of its levels.

You collected 56 gold pieces.


Innate Abilities, Weirdness & Mutations

You have a beak for a mouth.
You have claws for feet.


   Skills:
 - Level 2.0 Fighting
 + Level 3.8 Axes
 - Level 1.0 Throwing
 - Level 1.1 Armour
 - Level 2.1 Dodging
 - Level 2.0 Spellcasting
 - Level 2.4 Translocations


You had 6 spell levels left.
You didn't know any spells.
Your spell library contained the following spells:

 Spells                   Type           Power      Damage    Failure   Level
 Blink                    Tloc           14%        N/A       19%         2
 Gell's Gravitas          Tloc           7%         N/A       36%         3
 Lesser Beckoning         Tloc           7%         N/A       36%         3
 Teleport Other           Tloc           7%         N/A       36%         3
 Manifold Assault         Tloc           7%         N/A       98%         5

Inventory:

Hand Weapons
 f - a +0 club
 Y - a +0 hand axe (weapon)
Armour
 b - a +0 leather armour (worn)
 c - +0 gold dragon scales
Jewellery
 h - a +6 ring of dexterity
Scrolls
 d - a scroll of enchant weapon {unknown}
 e - 4 scrolls of identify
 g - 2 scrolls of magic mapping {unknown}
 i - a scroll of immolation {unknown}
Potions
 a - a potion of lignification {unknown}

Dungeon Overview and Level Annotations

Branches:
Dungeon (2/15)

Altars:


Message History

Increase (S)trength, (I)ntelligence, or (D)exterity?
You feel stronger. x2
You completely miss the frilled lizard. You claw the frilled lizard.
You kill the frilled lizard!
Things that are here:
a frilled lizard corpse; a ball python corpse A hobgoblin is nearby!
990 ||| Stepping ~*~*~tactically~*~*~ (stealth).
Things that are here:
a frilled lizard corpse; a ball python corpse 2 gnolls come into view.
The gnoll shouts! x2
993 ||| Stepping ~*~*~tactically~*~*~ (hiding).
Things that are here:
a frilled lizard corpse; a ball python corpse You start waiting.
A gnoll is nearby!
The gnoll hits you from afar with a +0 spear.
Found a stone staircase leading up.
The gnoll barely misses you. x2
Enter note: You closely miss the gnoll.
You hit the gnoll. The gnoll hits you with a +0 spear.
The gnoll hits you with a +0 spear!
You hit the gnoll but do no damage. You claw the gnoll, but do no damage.
The gnoll is lightly wounded.
You barely miss the gnoll. The gnoll closely misses you.
The gnoll completely misses you.
You barely miss the gnoll. You claw the gnoll.
The gnoll is heavily wounded.
You hit the gnoll. The gnoll closely misses you.
The gnoll hits you with a +0 spear.
You closely miss the gnoll.
The gnoll is heavily wounded.
You hit the gnoll but do no damage. The gnoll barely misses you.
The gnoll hits you with a +0 spear.
You barely miss the gnoll. Your kick misses the gnoll.
The gnoll is heavily wounded.
You hit the gnoll but do no damage. The gnoll hits you with a +0 spear.
You die...

####### #.# ......#
#.#
.####.#########.###
# .#
#.><..........#.#
.#
###########.#.#.#
.# #...........# .#
#.#####%#.### .#
#.#g###### .#
#.@....... .#
..<.....g...... .
.....###.###### .
....# .# . .... .#
# ..# ## ## ## . #
.#


You could see 2 gnolls.

Vanquished Creatures
  A dart slug (D:2)
  An endoplasm (D:1)
  A goblin (D:1)
  3 hobgoblins (D:1)
  A quokka (D:1)
  5 ball pythons
  A bat (D:1)
  3 frilled lizards
  4 kobolds (D:1)
  3 rats (D:1)
23 creatures vanquished.

Notes
Turn   | Place    | Note
-------+----------+-------------------------------------------
     0 | D:1      | qw the Tengu Warper began the quest for the Orb.
     0 | D:1      | Reached XP level 1. HP: 12/12 MP: 4/4
     0 | D:1      | 0 ||| qw: Version: 0.1-a-89-g26bdef1
     0 | D:1      | 0 ||| qw: Game counter: 412
     0 | D:1      | 0 ||| qw: Always use a shield: true
     0 | D:1      | 0 ||| qw: God list: Okawaru
     0 | D:1      | 0 ||| qw: Allow faded altars: false
     0 | D:1      | 0 ||| qw: Do Orc after D:15 true
     0 | D:1      | 0 ||| qw: Do second Lair branch before Depths: true
     0 | D:1      | 0 ||| qw: Lair rune preference: random
     0 | D:1      | 0 ||| qw: Plans: Normal
     0 | D:1      | 0 ||| PLANNING D:1-11
   101 | D:1      | HP: 3/12 [rat (2)]
   102 | D:1      | Reached XP level 2. HP: 4/17 MP: 6/6
   103 | D:1      | Reached skill level 3 in Axes
   356 | D:1      | Noticed a shining eye
   378 | D:1      | Found a faded altar of an unknown god.
   379 | D:1      | Noticed a shining eye
   384 | D:1      | Noticed a shining eye
   391 | D:1      | Noticed a great orb of eyes
   846 | D:1      | 846 ||| READING 4 scrolls labelled HET VITZED.
   847 | D:1      | 847 ||| READING 5 scrolls labelled PIEVVU TEUSOOB.
   848 | D:1      | 848 ||| READING scroll labelled OSEGEDD ISOTUH.
   849 | D:1      | 849 ||| DROPPING 3 scrolls of amnesia.
   850 | D:1      | 850 ||| DROPPING scroll of blinking.
   975 | D:2      | 975 ||| Stepping ~*~*~tactically~*~*~ (stealth).
   983 | D:2      | 983 ||| Stepping ~*~*~tactically~*~*~ (stealth).
   988 | D:2      | Reached XP level 3. HP: 21/21 MP: 7/7
   990 | D:2      | 990 ||| Stepping ~*~*~tactically~*~*~ (stealth).
   993 | D:2      | 993 ||| Stepping ~*~*~tactically~*~*~ (hiding).
  1000 | D:2      | HP: 5/21 [gnoll/+0 spear (2)]
  1001 | D:2      | HP: 2/21 [gnoll/+0 spear (3)]
  1002 | D:2      | Slain by a gnoll

Levels and vault maps discovered:
D:1:      wander_arrival_peaceful_grave, layout_rooms,
          hellmonk_ecumenical_altar_watching_god
D:2:      layout_loops_ring, basic_altar, lightli_corner_chamber

Skill      XL: |  1  2 |
---------------+-------+-----
Axes           | 3 |  3.8
Fighting       | |  2.0
Throwing       | |  1.0
Armour         | |  1.1
Dodging        | |  2.1
Spellcasting   | |  2.0
Translocations | |  2.4

Action                   || total
-------------------------++-------
Melee: Hand axe          ||    53
       Peck              ||     6
       Kick              ||    12
       Punch             ||     1
Throw: Boomerang         ||     7
  Use: Scroll            ||     3
Armor: Leather armour    ||    12
Dodge: Dodged            ||    32

Table legend:
 A = Non-vault XP
 B = Vault XP
 C = Vault XP percentage of total XP
 D = Non-vault monster count
 E = Vault monster count
 F = Vault count percentage of total count
                 A         B        C        D         E       F
            +---------+---------+-------+---------+---------+-------
      Total |      36 |       0 |   0.0 |      23 |       0 |   0.0
            +---------+---------+-------+---------+---------+-------
        D:1 |      28 |       0 |   0.0 |      19 |       0 |   0.0
        D:2 |       8 |       0 |   0.0 |       4 |       0 |   0.0
            +---------+---------+-------+---------+---------+-------
